 Dungeon Crawl Stone Soup version 0.30-b1-2-g02819fbbbe (webtiles) character file.

Game seed: 8554669507360511271

11 Alarkh the Sneak (level 2, 24/24 HPs)
             Began as a Demonspawn Delver on May 23, 2023.
             Quit the game on level 4 of the Dungeon.
             The game lasted 00:01:46 (226 turns).

Alarkh the Sneak (Demonspawn Delver)                 Turns: 226, Time: 00:01:46

Health: 24/24      AC:  3    Str: 12    XL:     2   Next: 13%
Magic:  2/2        EV: 11    Int: 13    God:
Gold:   0          SH:  0    Dex: 14    Spells: 1/1 levels left

rFire   . .          .
                       - Unarmed
rCold   . . .        (no shield)
rNeg    . . .        a - +0 leather armour
rPois   .            (no helmet)
rElec   .            (no cloak)
rCorr   .            (no gloves)
SInv    .            (no boots)
Will    .....        (no amulet)
Stlth   ++           (no ring)
HPRegen 0.24/turn    (no ring)
MPRegen 0.08/turn

%: no passive effects
@: weak-willed, hasted (expiring), very quick
A: big brain 1
a: no special abilities


You were on level 4 of the Dungeon.
You visited 1 branch of the dungeon, and saw 3 of its levels.

Inventory:

Armour
 a - a +0 leather armour (worn)
Wands
 f - a wand of digging (2)
Scrolls
 b - a scroll of fog
 d - a scroll of fear
Potions
 e - a potion of haste


   Skills:
 - Level 3.0 Fighting
 - Level 1.7 Dodging
 - Level 4.5 Stealth
 + Level 2.6 Unarmed Combat


You had one spell level left.
You didn't know any spells.
Your spell library was empty.

Dungeon Overview and Level Annotations

Branches:
Dungeon (6/15)
 Temple: D:4-7

Altars:
Ashenzari


Innate Abilities, Weirdness & Mutations

You have an unusually large brain. (Int +2)


Message History

The adder barely misses you.
You hit the adder.
The adder is almost dead.
You hit the adder but do no damage.
The adder is almost dead.
The adder bites you but does no damage.
You barely miss the adder.
The adder is almost dead.
The adder barely misses you.
You miss the adder.
The adder is almost dead.
The adder barely misses you.
You closely miss the adder.
The adder is almost dead.
The adder closely misses you.
You hit the adder.
The adder is almost dead.
You hit the adder.
You kill the adder!
Your Unarmed Combat skill increases to level 2!
You have reached level 2!
Your demonic ancestry asserts itself...
Your brain expands.
You see here an adder corpse.
Found a broken altar of Ashenzari.
Found 5 gold pieces.
A sleepcap comes into view.
The sleepcap releases spores at you.
Found 8 gold pieces.
Found a chain mail.
Found 2 cyan potions.
Found a stone staircase leading up.
You see here a +0 chain mail.
Found a stone staircase leading down.
Your extra speed is starting to run out.
There is a stone staircase leading up here.
You climb upwards.
Found 25 gold pieces and a scroll labelled HYUMIK CIAKUE.
There is a stone staircase leading down here.
Are you sure you want to abandon this character and quit the game? (Confirm with "yes".)

### #..
#.# #.#
#.#######
#@..$....
#.#?.....
#.# ..###
#.# $..
#.# .#.
#.# # #.#
#.#


There were no monsters in sight!

Vanquished Creatures
  An adder (D:5)
  A quokka (D:5)
2 creatures vanquished.

Notes
Turn   | Place    | Note
-------+----------+-------------------------------------------
     0 | D:5      | Alarkh the Demonspawn Delver began the quest for the Orb.
     0 | D:5      | Reached XP level 1. HP: 18/18 MP: 1/1
    21 | D:5      | Noticed an iguana
    43 | D:5      | Noticed an iguana
   135 | D:6      | Noticed a killer bee
   135 | D:6      | Noticed a killer bee
   163 | D:5      | Noticed a scorpion
   187 | D:5      | Gained mutation: You have an unusually large brain. (Int
                  | +2) [demonic ancestry]
   187 | D:5      | Reached XP level 2. HP: 24/24 MP: 2/2
   195 | D:5      | Found a broken altar of Ashenzari.
   226 | D:4      | Quit the game

Illustrated notes

Levels and vault maps discovered:
D:4:      layout_basic, uniq_pikel
D:5:      layout_cave_pods, nicolae_ashenzari_panopticon, gammafunk_ghost_grave,
          serial_shops, nicolae_diamond_shop, uniq_eustachio
D:6:      layout_cave_pools, mainiacjoe_overflow_24_doors,
          minmay_temple_entry_overgrown, uniq_grinder

Skill      XL: |  1 |
---------------+----+-----
Unarmed Combat | 2 |  2.6
Fighting       | |  3.0
Dodging        | |  1.7
Stealth        | |  4.5

Action                     || total
---------------------------++-------
  Melee: Unarmed           ||    16
  Evoke: Wand              ||     1
    Use: Scroll            ||     2
         Potion            ||     1
 Armour: Leather armour    ||     5
  Dodge: Dodged            ||     8
